 Dungeon Crawl Stone Soup version 0.26-a0-682-g294304f6e8 (webtiles) character file.

Game seed: 16765745990032840624

32747 Decritt the Cleaver (level 13, -5/181 HPs)
             Began as a Deep Dwarf Fighter on Oct 20, 2020.
             Was the Champion of Makhleb.
             Killed by divine providence
             ... invoked by a meliai
              (9 damage)
             ... on level 13 of the Dungeon.
             The game lasted 00:45:57 (9315 turns).

Decritt the Cleaver (Deep Dwarf Fighter)            Turns: 9315, Time: 00:45:58

Health: -5/181     AC: 18    Str: 35    XL:     13   Next: 33%
Magic:  10/10      EV: 11    Int:  8    God:    Makhleb [******]
Gold:   821        SH: 27    Dex: 13    Spells: 12/12 levels left

rFire    . . .     SeeInvis .   K - +8 trident of Dim Light {vorpal, rC+ Str+10}
rCold    + . .     Faith    .   g - +6 tower shield
rNeg     + . .     Spirit   .   D - +0 shadow dragon scales
rPois    .         Reflect  .   s - +0 helmet
rElec    .         Harm     .   (no cloak)
rCorr    .         Rampage  .   (no gloves)
MR       ++...                  H - +1 pair of boots
Stlth    ..........             m - amulet of regeneration
HPRegen  0.00/turn              i - ring of positive energy
MPRegen  0.12/turn              v - ring of protection from magic

@: berserking, non-regenerating, hasted, very quick
A: damage resistance, heal wounds, sense surroundings 2, no regeneration
a: Heal Wounds, Minor Destruction, Lesser Servant of Makhleb, Major Destruction,
Greater Servant of Makhleb, Renounce Religion


You were on level 13 of the Dungeon.
You worshipped Makhleb.
Makhleb was exalted by your worship.
You visited 2 branches of the dungeon, and saw 15 of its levels.
You visited the Abyss 1 time.

You collected 849 gold pieces.
You spent 28 gold pieces at shops.

Inventory:

Hand Weapons
 y - a +1 war axe of flaming
 C - the +7 mace of the Coin {elec, rElec rPois rN+ Str-5}
   (You found it on level 6 of the Dungeon)

   Occasionally, upon striking a foe, it will discharge some electrical energy
   and cause terrible harm.
   It affects your strength (-5).
   It insulates you from electricity.
   It protects you from poison.
   It protects you from negative energy.
 K - the +8 trident of Dim Light (weapon) {vorpal, rC+ Str+10}
   (You found it on level 6 of the Dungeon)

   It inflicts extra damage upon your enemies.
   It affects your strength (+10).
   It protects you from cold.
Armour
 g - a +6 tower shield (worn)
 s - a +0 helmet (worn)
 D - +0 shadow dragon scales (worn)
 H - a +1 pair of boots (worn)
Jewellery
 a - an uncursed ring of resist corrosion
 b - an uncursed ring of protection from cold
 i - a ring of positive energy (left hand)
 m - an amulet of regeneration (around neck)
 o - an uncursed ring of protection from fire
 v - a ring of protection from magic (right hand)
 B - an uncursed ring of flight
Scrolls
 h - a scroll of holy word
 j - 5 scrolls of remove curse
 k - 3 scrolls of enchant weapon
 l - 5 scrolls of fear
 p - 3 scrolls of teleportation
 q - 2 scrolls of blinking
 t - 2 scrolls of magic mapping
 E - a scroll of amnesia {unknown}
 O - a scroll of torment {unknown}
 P - 5 scrolls of fog
Potions
 c - a potion of mutation
 d - 6 potions of might
 e - 4 potions of haste
 f - 2 potions of curing
 n - 5 potions of invisibility
 u - 3 potions of brilliance
 w - a potion of ambrosia
 x - 3 potions of cancellation
 A - 2 potions of flight
 F - a potion of resistance
Miscellaneous
 G - a tin of tremorstones (3/3)
 N - a condenser vane (2/2)


   Skills:
 * Level 9.2 Fighting
 * Level 12.1 Axes
 + Level 10.8 Armour
 + Level 9.0 Dodging
 + Level 11.3 Shields
 - Level 11.0 Invocations


You had 12 spell levels left.
You didn't know any spells.
Your spell library contained the following spells:

 Spells                   Type           Power        Failure   Level
 Freeze                   Ice            #...         100%        1
 Shock                    Conj/Air       #...         100%        1
 Summon Small Mammal      Summ           #...         100%        1
 Call Imp                 Summ           #.......     100%        2
 Ensorcelled Hibernation  Hex/Ice        #.....       100%        2
 Passwall                 Tmut/Erth      #.......     100%        2
 Swiftness                Air            #.......     100%        2
 Call Canine Familiar     Summ           #.......     100%        3
 Frozen Ramparts          Ice            #.....       100%        3
 Ozocubu's Armour         Ice            #.......     100%        3
 Static Discharge         Conj/Air       #.......     100%        3
 Summon Guardian Golem    Hex/Summ       #.......     100%        3
 Airstrike                Air            #.........   100%        4
 Hailstorm                Conj/Ice       #.......     100%        4
 Ice Form                 Ice/Tmut       #.......     100%        4
 Summon Ice Beast         Ice/Summ       #.......     100%        4
 Summon Lightning Spire   Summ/Air       #.......     100%        4
 Lightning Bolt           Conj/Air       #.........   100%        5
 Freezing Cloud           Conj/Ice/Air   #.........   100%        6


Dungeon Overview and Level Annotations

Branches:
Dungeon (14/15)            Temple (1/1) D:5            Lair (0/6) D:8
    Orc (0/2) D:11         Vaults (0/5) D:14

Altars:
Ashenzari
Dithmenos
Elyvilon
Fedhas
Gozag
Hepliaklqana
Kikubaaqudgha
Makhleb
Nemelex Xobeh
Okawaru
Qazlal
Ru
Sif Muna
Trog
Uskayaw
Vehumet
Wu Jian
Xom
Yredelemnul
Zin
The Shining One
Beogh

Shops:
D:6 *   D:11 [*

Annotations:
D:11 shop
D:14 Urug


Innate Abilities, Weirdness & Mutations

You are resistant to damage.
You can heal yourself by infusing magical energy.
You passively map the area around you.
You do not regenerate.


Message History

Something smites you!
* * * LOW HITPOINT WARNING * * *
You block the meliai's attack. x2
A red film seems to cover your vision as you go berserk!
You feel yourself moving faster!
You feel mighty!
The meliai calls down the wrath of its god upon you.
Something smites you!
* * * LOW HITPOINT WARNING * * *
You block the meliai's attack. x2
You are too injured to fight recklessly!
You are too injured to fight recklessly!
You are too injured to fight recklessly!
You are too injured to fight recklessly!
You are too injured to fight recklessly!
You puncture the meliai!
The meliai is severely wounded.
You block the meliai's attack. x2
The meliai calls down the wrath of its god upon you.
Something smites you!
You die...

##.#####)#.### #..#
#...... #.##........#
##.# #......
#[##........#
#.#####......
#.##........#
#............
#.##.<......#
###..##......
#.##........#
#..##......
#.##........#
###...##.....
#...........#
#...#.##.....
#..#......y@#
#.###.##.####
#..#.......y# #.#
#..#.# #..##########
#.# #....# #..#
######.# #....####
#..# #......#
#....##<. #.##
####.###### ######..#
##*
#......#########...##
#...>..##?.......####
#....)....######## #


You could see 2 meliai.

Vanquished Creatures
  Rupert (D:12)
  Nessos (D:13)
  Snorg (D:13)
  3 centaur warriors
  6 two-headed ogres
  Sonja (D:12)
  A shadow wraith (D:9)
  An unseen horror (D:13)
  3 orc knights (D:11)
  7 ugly things
  A deep elf mage (D:13)
  2 cyclopes
  A komodo dragon (D:11)
  Psyche (D:12)
  2 gargoyles
  2 trolls
  Prince Ribbit (D:5)
  2 hornets (D:11)
  7 slime creatures
  Sigmund (D:2)
  2 wyverns
  3 yaks (D:13)
  A basilisk (D:9)
  3 water moccasins
  An acid dragon (D:13)
  6 sky beasts
  7 ice beasts
  10 orc warriors
  3 black bears
  3 necrophages
  An eye of draining (D:11)
  8 ogres
  3 phantoms
  16 centaurs
  18 bullfrogs
  Blork the orc (D:5)
  A water moccasin skeleton (D:12)
  8 scorpions
  27 killer bees
  12 wights
  4 howler monkeys
  2 bullfrog zombies
  4 hounds
  5 bullfrog skeletons
  3 centaur zombies
  10 orc priests
  3 centaur skeletons
  2 jellies
  7 iguanas
  Ijyb (D:3)
  Terence (D:2)
  9 orc wizards
  8 worker ants
  A hound zombie (D:9)
  2 hound skeletons
  A mummy (D:5)
  2 worker ant zombies (D:10)
  11 adders
  A shadow imp (D:6)
  3 white imps
  2 ufetubi
  4 adder skeletons
  An adder zombie (D:9)
  A worm (D:4)
  9 leopard geckos
  48 orcs
  3 giant cockroaches
  3 goblins
  5 hobgoblins
  14 jackals
  3 quokkas
  3 bats
  10 frilled lizards
  2 hobgoblin zombies (D:5)
  5 kobolds
  A kobold zombie (D:5)
  An orc zombie (D:5)
  A quokka skeleton (D:8)
  A quokka zombie (D:8)
  3 rats
379 creatures vanquished.

Vanquished Creatures (others)
  33 fungi (D:8)
  24 plants (D:8)
57 creatures vanquished.

Grand Total: 436 creatures vanquished

Notes
Turn   | Place    | Note
-------+----------+-------------------------------------------
     0 | D:1      | Decritt the Deep Dwarf Fighter began the quest for the Orb.
     0 | D:1      | Reached XP level 1. HP: 20/20 MP: 1/1
   127 | D:1      | Reached XP level 2. HP: 21/27 MP: 2/2
   681 | D:2      | Noticed Sigmund
   706 | D:2      | Killed Sigmund
   706 | D:2      | Reached skill level 3 in Axes
   706 | D:2      | Reached skill level 1 in Dodging
   706 | D:2      | Reached XP level 3. HP: 36/36 MP: 2/2
   706 | D:2      | Reached XP level 4. HP: 44/44 MP: 3/3
   706 | D:2      | Reached XP level 5. HP: 50/50 MP: 4/4
   876 | D:2      | Noticed Terence
   887 | D:2      | Killed Terence
   887 | D:2      | Reached skill level 4 in Axes
  1382 | D:3      | Found an iron altar of Okawaru.
  1413 | D:3      | Noticed Ijyb
  1478 | D:3      | Killed Ijyb
  1481 | D:3      | Reached XP level 6. HP: 49/57 MP: 4/4
  1679 | D:3      | Found an ornate altar of the Wu Jian Council.
  2308 | D:4      | Reached skill level 5 in Axes
  2308 | D:4      | Reached XP level 7. HP: 61/66 MP: 3/3
  2560 | D:5      | Entered Level 5 of the Dungeon
  2610 | D:5      | Found a staircase to the Ecumenical Temple.
  2668 | Temple   | Entered the Ecumenical Temple
  2812 | Temple   | Became a worshipper of Makhleb the Destroyer
  2895 | D:5      | Noticed Prince Ribbit
  2939 | D:5      | Noticed Blork the orc
  2945 | D:5      | Killed Blork the orc
  2945 | D:5      | Reached skill level 1 in Invocations
  3130 | D:5      | Killed Prince Ribbit
  3130 | D:5      | Reached skill level 5 in Fighting
  3130 | D:5      | Reached skill level 5 in Armour
  3130 | D:5      | Reached XP level 8. HP: 74/74 MP: 2/2
  3192 | D:5      | Reached skill level 6 in Axes
  3192 | D:5      | Reached skill level 5 in Shields
  3356 | D:5      | Reached * piety under Makhleb
  3680 | D:6      | Found Demaumm's General Store.
  3711 | D:6      | Bought a scroll of identify for 28 gold pieces
  3777 | D:6      | Reached skill level 7 in Axes
  3798 | D:6      | Got an encrusted trident
  3798 | D:6      | Identified the +8 trident of Dim Light {vorpal, rC+ Str+10}
                  | (You found it on level 6 of the Dungeon)
  3929 | D:6      | Found a shimmering altar of Xom.
  3934 | D:6      | Got an ancient mace
  3934 | D:6      | Identified the +7 mace of the Coin {elec, rElec rPois rN+
                  | Str-5} (You found it on level 6 of the Dungeon)
  3971 | D:6      | Gained mutation: You passively map the area around you.
                  | [Deep Dwarf growth]
  3971 | D:6      | Reached XP level 9. HP: 78/81 MP: 3/3
  4082 | D:6      | Found a shimmering blue altar of Sif Muna.
  4139 | D:7      | Reached skill level 8 in Axes
  4145 | D:7      | Got a distressingly furry ring mail
  4156 | D:7      | Identified the +1 ring mail of Tiyl {rF- rC+ Stlth+} (You
                  | found it on level 7 of the Dungeon)
  4329 | D:7      | Reached ** piety under Makhleb
  4634 | D:8      | Reached skill level 9 in Axes
  4668 | D:8      | Found a staircase to the Lair.
  4747 | D:8      | Noticed a two-headed ogre
  4756 | D:8      | Killed a two-headed ogre
  4756 | D:8      | Reached XP level 10. HP: 71/92 MP: 4/4
  4832 | D:8      | Reached skill level 10 in Axes
  5230 | D:8      | Reached *** piety under Makhleb
  5571 | D:9      | Reached skill level 5 in Invocations
  5653 | D:9      | Reached skill level 5 in Dodging
  5851 | D:9      | Noticed a purple ugly thing
  5859 | D:9      | Killed a purple ugly thing
  5890 | D:9      | Noticed a centaur warrior
  5898 | D:9      | Killed a shadow wraith
  5908 | D:9      | Identified the Disquisition on Unstable Ice
  5964 | D:9      | Killed a centaur warrior
  5964 | D:9      | Reached XP level 11. HP: 90/99 MP: 8/8
  6129 | D:10     | Entered Level 10 of the Dungeon
  6129 | D:10     | Noticed a two-headed ogre
  6133 | D:10     | Killed a two-headed ogre
  6361 | D:10     | Reached **** piety under Makhleb
  6815 | D:11     | Found Apet's Demolitions Depot.
  6817 | D:11     | Noticed a red ugly thing
  6817 | D:11     | Noticed a cyan ugly thing
  6830 | D:11     | Killed a red ugly thing
  6839 | D:11     | Killed a cyan ugly thing
  6907 | D:11     | Noticed a cyan ugly thing
  6918 | D:11     | Killed a cyan ugly thing
  7112 | D:11     | Noticed a white ugly thing
  7112 | D:11     | Noticed a two-headed ogre
  7116 | D:11     | Paralysed by a hornet for 3 turns
  7127 | D:11     | Killed a white ugly thing
  7127 | D:11     | Reached skill level 10 in Invocations
  7132 | D:11     | Killed a two-headed ogre
  7269 | D:11     | Got a jade-encrusted leather armour
  7279 | D:11     | Identified the +1 leather armour of Atycs {Harm rF+ MR-
                  | Str+2} (You found it on level 11 of the Dungeon)
  7359 | D:11     | Reached ***** piety under Makhleb
  7393 | D:11     | Noticed an orc knight
  7401 | D:11     | Noticed an orc knight
  7407 | D:11     | Noticed a brown ugly thing
  7407 | D:11     | Killed an orc knight
  7407 | D:11     | Noticed an orc knight
  7421 | D:11     | Killed an orc knight
  7436 | D:11     | Killed a brown ugly thing
  7443 | D:11     | Killed an orc knight
  7443 | D:11     | Reached XP level 12. HP: 109/109 MP: 9/9
  7496 | D:11     | Found a roughly hewn altar of Beogh.
  7496 | D:11     | Found a staircase to the Orcish Mines.
  7707 | D:11     | Found Hereiqap's Antique Armour Boutique.
  7769 | D:12     | Noticed Rupert
  7792 | D:12     | Killed Rupert
  7792 | D:12     | Reached skill level 10 in Shields
  7809 | D:12     | Noticed Psyche
  7814 | D:12     | Killed Psyche
  8080 | D:12     | Reached skill level 11 in Axes
  8087 | D:12     | Noticed Sonja
  8102 | D:12     | Cast into level 1 of the Abyss (Sonja)
  8151 | D:12     | Escaped the Abyss
  8160 | D:12     | Killed Sonja
  8177 | D:12     | Noticed a two-headed ogre
  8197 | D:12     | Killed a two-headed ogre
  8197 | D:12     | Reached skill level 10 in Armour
  8504 | D:13     | Noticed a centaur warrior
  8510 | D:13     | Noticed a two-headed ogre
  8514 | D:13     | Killed a centaur warrior
  8520 | D:13     | Killed a two-headed ogre
  8571 | D:13     | Reached ****** piety under Makhleb
  8649 | D:13     | Noticed Nessos
  8680 | D:13     | Killed Nessos
  8680 | D:13     | Reached XP level 13. HP: 80/118 MP: 10/10
  8956 | D:13     | Noticed Snorg
  8998 | D:13     | Killed Snorg
  9042 | D:13     | You fall into a shaft and drop 1 floor!
  9121 | D:14     | Reached skill level 12 in Axes
  9281 | D:14     | Noticed Urug
  9282 | D:14     | Found a gate to the Vaults.
  9311 | D:14     | HP: 4/121 [meliai/divine providence (12)]
  9315 | D:13     | Killed from afar by a meliai

Illustrated notes

Levels and vault maps discovered:
D:1:      eino_arrival_cavern_d, layout_rooms
D:2:      minmay_alternating_diamond, layout_basic, uniq_sigmund, uniq_terence
D:3:      layout_rooms, okawaru_metal_pillars_3, lemuel_round_altar, uniq_ijyb
D:4:      layout_loops_corners, serial_park_tiny_2
D:5:      layout_loops_ring, minmay_temple_entry_wispy,
          minmay_misc_feat_columns, minmay_mini_ossuary, uniq_blork_the_orc,
          uniq_prince_ribbit1
D:6:      layout_cave_pools, xom_butterflies, overflow_temple_1_default,
          serial_shops, nicolae_shop_waterfront, grunt_decor_arrowhead
D:7:      layout_gridville, nicolae_sextant
D:8:      layout_gridville, due_lair_maze_entry_diamond
D:9:      layout_roguey, minmay_evil_grid
D:10:     layout_gridville
D:11:     layout_roguey, david_orc_5, serial_shops,
          nicolae_shop_window_shopping, nicolae_blasting_shop, minivault_24
D:12:     layout_roguey, uniq_sonja, uniq_psyche, uniq_rupert
D:13:     layout_rooms, chequers_decorated_corner, kennysheep_generic_room_4,
          uniq_snorg, uniq_nessos
D:14:     layout_irregular_city, david_vaults_3, serial_bayou_pond_a,
          serial_shops, kennysheep_little_box
Temple:   eino_narrow_crystal_temple

Skill      XL: |  1  2  3  4  5  6  7  8  9 10 11 12 13 |
---------------+----------------------------------------+-----
Fighting       | 3 4 5 6 7 8 9 |  9.2
Axes           | 3 4 5 7 9 10 11 12 | 12.1
Armour         | 4 5 7 8 10 | 10.8
Dodging        | 1 2 3 7 8 9 |  9.0
Shields        | 4 6 7 8 9 11 | 11.3
Invocations    | 2 3 8 10 11 | 11.0

Action                   |  1- 3 |  4- 6 |  7- 9 | 10-12 | 13-15 || total
-------------------------+-------+-------+-------+-------+-------++-------
Melee: War axe           |    61 |   202 |   127 |       |       ||   390
       Trident           |       |       |   150 |   733 |   161 ||  1044
       Mace              |       |       |     6 |       |       ||     6
Invok: Major Destruction |       |       |       |       |     3 ||     3
 Abil: Heal Wounds       |     3 |     7 |    12 |    23 |     9 ||    54
  Use: Scroll            |       |     5 |     3 |    20 |     3 ||    31
       Potion            |       |       |       |       |     4 ||     4
 Stab: Sleeping          |       |       |     1 |    13 |     2 ||    16
       Distracted        |       |       |       |     1 |       ||     1
Armor: Scale mail        |     8 |       |       |       |       ||     8
       Chain mail        |    26 |   104 |    63 |       |       ||   193
       Ring mail         |       |       |    34 |     1 |       ||    35
       Shadow dragon sca |       |       |       |   139 |    75 ||   214
Dodge: Dodged            |    13 |    26 |    68 |   118 |    51 ||   276
Block: Tower shield      |    47 |   172 |   281 |   766 |   297 ||  1563
       Kite shield       |     3 |       |       |       |       ||     3

Table legend: (Time is in decaauts)
 A = Elapsed time spent in this place.
 B = Non-inter-level travel time spent in this place.
 C = Inter-level travel time spent in this place.
 D = Time resting spent in this place.
 E = Time spent auto-exploring this place.
 F = Levels seen in this place.
 G = Mean time per level.
                   A        B        C        D        E       F      G
               +--------+--------+--------+--------+--------+-----+--------+
         Total |   9629 |   9389 |    240 |     49 |   6106 |  16 |  601.8 |
       Dungeon |   9381 |   9179 |    202 |     49 |   5987 |  14 |  670.1 |
        Temple |    197 |    159 |     38 |      0 |    119 |   1 |  197.0 |
         Abyss |     50 |     50 |      0 |      0 |      0 |   1 |   50.0 |
               +--------+--------+--------+--------+--------+-----+--------+

Top non-repeatable levels by time:
    D:11: 1016 daAuts
     D:5: 958 daAuts
     D:2: 887 daAuts
     D:8: 864 daAuts
     D:4: 760 daAuts
     D:9: 678 daAuts
    D:12: 674 daAuts
    D:10: 653 daAuts
    D:13: 617 daAuts
     D:1: 530 daAuts
     D:7: 513 daAuts
     D:3: 496 daAuts
     D:6: 461 daAuts
    D:14: 270 daAuts
  Temple: 197 daAuts
